 Dungeon Crawl Stone Soup version 0.23.0-3-gf3c87f2df8 (webtiles) character file.

Game seed: 8792426177496250534

460501 Denreik the Impaler (level 24, -18/189 HPs)
             Began as a Gnoll Earth Elementalist on Feb 15, 2019.
             Was an Initiate of Gozag.
             Killed from afar by a fire giant (27 damage)
             ... with a bolt of fire
             ... on level 5 of the Vaults on Feb 21, 2019.
             The game lasted 21:59:16 (108101 turns).

Denreik the Impaler (Gnoll Earth Elementalist)    Turns: 108101, Time: 21:59:16

Health: -18/189    AC: 23    Str: 19    XL:     24   Next: 47%
Magic:  0/61       EV: 32    Int: 33    God:    Gozag
Gold:   1333       SH: 17    Dex: 22    Spells: 1/55 levels left

rFire    + . .     SeeInvis +   a - +9 demon trident (flame)
rCold    + + .     Gourm    .   x - +2 shield {rC+}
rNeg     + . .     Faith    .   y - +2 leather armour of the Burgomaster {rC- MP+9 Int+3 Stlth+}
rPois    +         Spirit   +   w - +2 helmet {Int+3}
rElec    +         Reflect  .   p - +2 cloak {MR+}
rCorr    +         Harm     .   q - +2 pair of gloves {Str+3}
MR       +++++                  K - +2 pair of boots
Stlth    +++++++++.             n - amulet "Zeiroy" {Spirit MR++ Str-4 Int+3}
HPRegen  0.41/turn              c - ring of Mugaikowk {*Contam +Inv rC+ MP+9}
MPRegen  0.37/turn              Z - ring of Koly {rPois rN+ MR+ SInv Stlth+}

@: mighty, agile, about to teleport, resistant, berserk cooldown, very slightly
contaminated, slowed, studying Polearms, invisible, very slow
A: distributed training, fangs 1, iridescent scales 1, see invisible, strong
nose
}: 2/15 runes: barnacled, gossamer
a: Potion Petition, Call Merchant, Bribe Branch, Renounce Religion


You were on level 5 of the Vaults.
You worshipped Gozag.
Gozag was most pleased with you.
You were not hungry.

You visited 9 branches of the dungeon, and saw 43 of its levels.

You collected 22089 gold pieces.
You spent 9015 gold pieces at shops.
You paid 11741 gold pieces to Gozag.

Inventory:

Hand Weapons
 a - a +9 demon trident of flaming (weapon)
 b - the +8 whip "Snakebite" {curare, rPois, @w2}
   (You found it on level 2 of the Lair of Beasts)

   It poisons the flesh of those it strikes.
   It protects you from poison.
 h - the +8 broad axe of the Eleven Beds {chop, Str+7, @w4}
   (You found it on level 2 of the Spider Nest)

   It inflicts extra damage upon your enemies.
   It affects your strength (+7).
 G - the +9 fustibalus of Tenacity {venom, rElec, @w3}
   (You found it on level 1 of the Shoals)

   It poisons the ammo it fires.
   It insulates you from electricity.
Missiles
 r - 445 sling bullets (quivered)
Armour
 p - a +2 cloak of magic resistance (worn)
 q - a +2 pair of gloves of strength (worn)
 w - a +2 helmet of intelligence (worn)
 x - a +2 shield of cold resistance (worn)
 y - the +2 leather armour of the Burgomaster (worn) {rC- MP+9 Int+3 Stlth+}
   (You bought it in a shop on level 9 of the Dungeon)

   It affects your intelligence (+3).
   It makes you vulnerable to cold.
   It affects your magic capacity (+9).
   It makes you more stealthy.
 K - a +2 pair of boots (worn)
 Q - the -2 hat of the Alchemist {rElec rPois rF+ rC+ rN+ MR+ rMut rCorr}
   (You found it on level 3 of the Depths)

   It protects you from fire.
   It protects you from cold.
   It insulates you from electricity.
   It protects you from poison.
   It protects you from negative energy.
   It affects your resistance to hostile enchantments.
   It provides partial protection from all sources of acid and corrosion.
   It protects you from mutation.
Magical Staves
 A - an uncursed staff of energy {@w1}
Jewellery
 c - the ring of Mugaikowk (left hand) {*Contam +Inv rC+ MP+9}
   (You bought it in a shop on level 9 of the Dungeon)

   [ring of protection from cold]

   It protects you from cold.
   It affects your magic capacity (+9).
   It lets you turn invisible.
   It causes magical contamination when unequipped.
 n - the amulet "Zeiroy" (around neck) {Spirit MR++ Str-4 Int+3}
   (You bought it in a shop on level 9 of the Dungeon)

   [amulet of guardian spirit]

   It causes incoming damage to be split between your health and magic.
   It affects your strength (-4).
   It affects your intelligence (+3).
   It affects your resistance to hostile enchantments.
 Z - the ring of Koly (right hand) {rPois rN+ MR+ SInv Stlth+}
   (You took it off a deep elf demonologist on level 3 of the Elven Halls)

   [ring of see invisible]

   It protects you from poison.
   It protects you from negative energy.
   It affects your resistance to hostile enchantments.
   It lets you see invisible.
   It makes you more stealthy.
Wands
 z - a wand of iceblast (32)
 C - a wand of disintegration (28)
 H - a wand of flame (15)
 T - a wand of paralysis (35)
Scrolls
 f - 20 scrolls of remove curse
 i - 19 scrolls of identify
 k - 10 scrolls of teleportation
 s - a scroll of summoning
 t - 9 scrolls of amnesia
 u - 2 scrolls of holy word
 I - 4 scrolls of silence
 L - 8 scrolls of fear
 P - 4 scrolls of magic mapping
 V - 2 scrolls of blinking
 W - 5 scrolls of fog
Potions
 g - 6 potions of might
 o - a potion of resistance
 v - 8 potions of brilliance
 D - 11 potions of curing
 F - a potion of cancellation
 M - 3 potions of haste
 U - 3 potions of magic
Books
 m - a manual of Polearms
Miscellaneous
 e - a lightning rod (4/4)
 j - 4 sacks of spiders
 J - a phial of floods
 N - a fan of gales
 R - a lamp of fire
Comestibles
 d - 7 rations


   Skills:
 + Level 15.5 Fighting
 + Level 15.5 Short Blades
 + Level 15.5 Long Blades
 + Level 15.5 Axes
 + Level 15.5 Maces & Flails
 + Level 19.1 Polearms
 + Level 15.5 Staves
 + Level 15.5 Slings
 + Level 15.5 Bows
 + Level 15.5 Crossbows
 + Level 15.5 Throwing
 + Level 15.5 Armour
 + Level 16.0 Dodging
 + Level 15.9 Stealth
 + Level 15.5 Shields
 + Level 15.5 Unarmed Combat
 + Level 16.1 Spellcasting
 + Level 13.3 Conjurations
 + Level 13.3 Hexes
 + Level 13.3 Charms
 + Level 13.3 Summonings
 + Level 13.3 Necromancy
 + Level 13.3 Translocations
 + Level 13.5 Transmutations
 + Level 13.3 Fire Magic
 + Level 13.3 Ice Magic
 + Level 13.3 Air Magic
 + Level 14.2 Earth Magic
 + Level 13.3 Poison Magic
 + Level 16.7 Invocations
 + Level 15.5 Evocations


You had one spell level left.
You knew the following spells:

 Your Spells              Type           Power        Failure   Level  Hunger
a - Shroud of Golubria    Chrm/Tloc      #######...   0%          2    None
b - Iron Shot             Conj/Erth      #######...   1%          6    #......
c - Throw Icicle          Conj/Ice       #######.     1%          4    None
d - Airstrike             Air            #######...   1%          4    None
e - Passwall              Tmut/Erth      #######.     0%          2    None
f - Blink                 Tloc           N/A          0%          2    None
g - Mephitic Cloud        Conj/Pois/Air  #######.     1%          3    None
h - Conjure Flame         Conj/Fire      #######.     1%          3    None
i - Summon Lightning Spi  Summ/Air       #######.     1%          4    None
j - Petrify               Tmut/Erth      #######.     1%          4    None
k - Lee's Rapid Deconstr  Erth           #######...   1%          5    None
l - Tukima's Dance        Hex            #######.     1%          3    None
m - Ozocubu's Armour      Chrm/Ice       #######.     1%          3    None
n - Apportation           Tloc           ######       0%          1    None
p - Swiftness             Chrm/Air       #######.     0%          2    None
s - Deflect Missiles      Chrm/Air       #######...   1%          6    #......

Your spell library contained the following spells:

 Spells                   Type           Power        Failure   Level  Hunger
 Animate Skeleton         Necr           N/A          0%          1    None
 Confusing Touch          Hex            ######       0%          1    None
 Corona                   Hex            #######      0%          1    None
 Flame Tongue             Conj/Fire      #####        0%          1    None
 Freeze                   Ice            ####         0%          1    None
 Infusion                 Chrm           ####         0%          1    None
 Magic Dart               Conj           ####         0%          1    None
 Sandblast                Erth           ######       0%          1    None
 Shock                    Conj/Air       ####         0%          1    None
 Summon Butterflies       Summ           #######.     0%          1    None
 Summon Small Mammal      Summ           ####         0%          1    None
 Call Imp                 Summ           #######.     0%          2    None
 Slow                     Hex            #######.     0%          2    None
 Song of Slaying          Chrm           #######.     0%          2    None
 Throw Flame              Conj/Fire      ######       0%          2    None
 Throw Frost              Conj/Ice       ######       0%          2    None
 Call Canine Familiar     Summ           #######.     1%          3    None
 Inner Flame              Hex/Fire       #######.     1%          3    None
 Lesser Beckoning         Tloc           #######...   1%          3    None
 Portal Projectile        Hex/Tloc       ######       1%          3    None
 Regeneration             Chrm/Necr      #######...   1%          3    None
 Spectral Weapon          Hex/Chrm       #######.     1%          3    None
 Static Discharge         Conj/Air       #######.     1%          3    None
 Stone Arrow              Conj/Erth      ######       1%          3    None
 Cause Fear               Hex            #######...   1%          4    None
 Ice Form                 Ice/Tmut       #######.     1%          4    None
 Leda's Liquefaction      Hex/Erth       #######...   1%          4    None
 Passage of Golubria      Tloc           N/A          1%          4    None
 Sticky Flame             Conj/Fire      #######.     1%          4    None
 Summon Ice Beast         Ice/Summ       #######.     1%          4    None
 Alistair's Intoxication  Tmut/Pois      #######.     1%          5    None
 Bolt of Magma            Conj/Fire/Erth #######...   1%          5    None
 Fireball                 Conj/Fire      #######...   1%          5    None
 Irradiate                Conj/Tmut      #######...   1%          5    None
 Lightning Bolt           Conj/Air       #######...   1%          5    None
 Metabolic Englaciation   Hex/Ice        #######...   1%          5    None
 Silence                  Hex/Air        #######...   1%          5    None
 Summon Mana Viper        Hex/Summ       #######.     1%          5    None
 Yara's Violent Unravell  Hex/Tmut       #######...   1%          5    None
 Bolt of Cold             Conj/Ice       #######...   1%          6    #......
 Conjure Ball Lightning   Conj/Air       #######...   1%          6    #......
 Darkness                 Hex            #######...   1%          6    #......
 Freezing Cloud           Conj/Ice/Air   #######...   1%          6    #......
 Hydra Form               Tmut           #######...   1%          6    #......
 Invisibility             Hex            #######.     1%          6    #......
 Ozocubu's Refrigeration  Ice            #######...   1%          6    #......
 Poison Arrow             Conj/Pois      #######...   1%          6    #......
 Simulacrum               Ice/Necr       #######...   1%          6    #......
 Statue Form              Tmut/Erth      #######..    1%          6    #......
 Dragon Form              Tmut           #######...   5%          7    ####...
 Summon Hydra             Summ           #######...   6%          7    ####...
 Lehudib's Crystal Spear  Conj/Erth      #######...   36%         8    ######.
 Chain Lightning          Conj/Air       #######...   43%         8    ######.
 Discord                  Hex            #######...   43%         8    ######.
 Ignition                 Fire           #######...   43%         8    ######.
 Shatter                  Erth           #######...   99%         9    #######
 Fire Storm               Conj/Fire      #######...   100%        9    #######
 Glaciate                 Conj/Ice       #######...   100%        9    #######
 Tornado                  Air            #######...   100%        9    #######


Dungeon Overview and Level Annotations

Branches:
Dungeon (15/15)            Temple (1/1) D:5            Lair (6/6) D:9
 Shoals (4/4) Lair:3       Spider (4/4) Lair:2        Slime (0/5) Lair:5
    Orc (2/2) D:9             Elf (3/3) Orc:2        Vaults (5/5) D:13
  Crypt (0/3) Vaults:2     Depths (3/5) D:15

Altars:
Ashenzari
Cheibriados
Dithmenos
Elyvilon
Fedhas
Gozag
Hepliaklqana
Kikubaaqudgha
Makhleb
Nemelex Xobeh
Okawaru
Qazlal
Ru
Sif Muna
Trog
Uskayaw
Vehumet
Wu Jian
Xom
Yredelemnul
Zin
The Shining One
Beogh

Shops:
D:9 *=:[[[%=   D:11 (   D:13 ?   Orc:2 *![[*   Shoals:3 ?   Vaults:2 !%

Portals:
Hell: Depths:1 Depths:2 Depths:3
Abyss: Depths:2
Pandemonium: Depths:1 Depths:3
Ziggurat: Depths:3
Trove: D:14 (give 9 potions of agility)

Annotations:
D:3 Sigmund
Shoals:3 1 exclusion
Depths:1 9 exclusions
Depths:2 1 exclusion


Innate Abilities, Weirdness & Mutations

Your experience applies equally to all skills.
You have very sharp teeth.
Your uncanny sense of smell can sniff out nearby items.
You are partially covered in iridescent scales. (AC +2)
You have supernaturally acute eyesight. (SInv)


Message History

Aiming: Summon Lightning Spire (safe; 1% risk of failure)
Press: ? - help, Dir - move target cursor An electric hum fills the air.
The deep elf high priest invokes the aid of its god against you.
The sphere of damnation explodes!
The damnation engulfs you!
* * * LOW HITPOINT WARNING * * *
The damnation engulfs your lightning spire!!
The tengu reaver casts a spell at you.
The bolt of lightning hits your lightning spire.
Your lightning spire completely resists.
The bolt of lightning hits you! You resist.
* * * LOW HITPOINT WARNING * * *
The battlesphere fires!
The barrage of energy hits you!
* * * LOW HITPOINT WARNING * * *
The fire giant casts a spell at you.
The bolt of fire hits your lightning spire.
Your lightning spire resists.
The bolt of fire hits you!! You resist.
You die...
Your body crumbles into a pile of gold.

#. .... ∆ ..# #..# # #.#
##..# #.... ...# #.#.#
#..# #...## ##..#
#.#.##.##..#.. ..#
#*..@......##.# ...
#.#8##.##..##.# ..#
#...##.##..##e##31##.
#C#Q..=.$(.$e$Ce1...∆
#..p##.##$$##.##..#
#○#.##p##§.##.##$(##.
#..e.○○Ce.....$($($.$
#..#.#.#○#.#.#.#$#$#$#.#
#........e*e...$.24$c((.


You could see a fire giant, a tengu reaver, a vault guard, a deep elf high
priest, a battlesphere and a friendly lightning spire.

Vanquished Creatures
  Mara (Vaults:1)
  Boris (Vaults:2)
  2 golden dragons
  Nikola (Spider:2)
  the Enchantress (Depths:3)
  3 tentacled monstrosities
  The ghost of Sianeop the Warrior, an adept GrFi of Cheibriados (Vaults:3)
  Asterion (Vaults:2)
  The ghost of Gech the Spawn of Chaos, an adept DDFi of Makhleb (Depths:3)
  2 deep elf blademasters (Elf:2)
  3 liches
  2 deep elf master archers (Elf:3)
  An ancient champion (Vaults:2)
  2 krakens
  Polyphemus (Shoals:2)
  4 sphinxes
  Kirke (D:14)
  A shadow dragon (Vaults:5)
  5 tengu reavers
  Roxanne (Elf:2)
  5 deep elf sorcerers
  4 frost giants
  10 vault wardens
  4 fire giants
  An iron dragon (Depths:3)
  Louise (D:15)
  8 deep elf elementalists
  An orc warlord (Vaults:4)
  5 emperor scorpions
  2 ghost moths (Spider:4)
  2 spriggan defenders (Depths:3)
  9 ironheart preservers
  18 stone giants
  A war gargoyle (Vaults:5)
  13 very ugly things
  3 entropy weavers
  8 deep elf annihilators
  2 vampire knights
  6 deep elf demonologists
  Azrael (Elf:1)
  2 spark wasps
  A minotaur (Shoals:1)
  Snorg (Lair:4)
  An eidolon (Vaults:2)
  2 fire dragons
  2 blizzard demons (Depths:3)
  3 ettins
  9 merfolk javelineers
  5 deep elf death magi
  2 merfolk impalers (Shoals:3)
  5 great orbs of eyes
  8 yaktaur captains
  14 vault guards
  The ghost of Toogi the Destroyer, a journeyman KoCj of Vehumet (Lair:1)
  5 deep elf high priests
  Harold (D:10)
  2 rakshasas (Vaults:2)
  Fannar (D:10)
  5 hydras
  A hell beast (Depths:2)
  6 ice dragons
  4 catoblepae
  3 spriggan air magi (Depths:3)
  5 merfolk aquamancers
  Erica (D:11)
  16 centaur warriors
  9 ogre magi
  A merfolk avatar (Shoals:4)
  3 death knights
  8 tengu warriors
  40 two-headed ogres
  4 satyrs
  7 alligator snapping turtles
  12 death yaks
  2 deep troll earth magi
  3 vampire magi
  5 deep troll shamans
  3 spriggan berserkers
  4 orc high priests
  A soul eater (Depths:1)
  A hell knight (D:15)
  20 deep elf knights
  5 skeletal warriors
  4 iron trolls
  An infernal demonspawn (Depths:1)
  A spark wasp zombie (Depths:2)
  13 deep trolls
  2 shadow wraiths
  7 wizards
  A glowing orange brain (Depths:3)
  20 sea snakes
  An unseen horror (shapeshifter) (Vaults:1)
  2 unseen horrors
  2 flayed ghosts
  27 deep elf archers
  7 phantasmal warriors
  11 ironbrand convokers
  A mana viper (shapeshifter) (Depths:3)
  25 harpies
  16 orc knights
  40 ugly things
  2 wolf spider zombies
  57 deep elf magi
  23 wolf spiders
  10 orb spiders
  9 cyclopes
  7 elephants
  2 oklob plants (Shoals:3)
  11 manticores
  2 moths of wrath
  3 orc sorcerers
  A cyclops (shapeshifter) (Vaults:3)
  23 fauns
  5 black mambas
  11 merfolk sirens
  8 vault sentinels
  8 water nymphs
  3 gargoyles
  A rust devil (Depths:2)
  8 spiny frogs
  2 torpor snails
  A titan simulacrum (Depths:3)
  2 rime drakes (shapeshifter)
  13 demonic crawlers
  A spark wasp simulacrum (Depths:3)
  6 rime drakes
  4 tengu conjurers
  A yaktaur (shapeshifter) (Depths:2)
  39 yaktaurs
  5 freezing wraiths
  7 komodo dragons
  A hellwing (Depths:1)
  13 trolls
  20 merfolk
  3 ice devils
  A red devil (Depths:2)
  A queen bee (Lair:6)
  A golden dragon simulacrum (Depths:3)
  19 jumping spiders
  A queen bee (shapeshifter) (D:13)
  12 hornets
  6 meliai
  A hornet (shapeshifter) (D:14)
  4 wind drakes
  15 hippogriffs
  10 blink frogs
  18 slime creatures
  9 snapping turtles
  An iron dragon simulacrum (Depths:3)
  A frost giant simulacrum (Depths:2)
  4 dream sheep
  A flying skull (Vaults:2)
  64 redbacks
  Sigmund (D:3)
  5 spriggans
  5 wraiths
  A shadow (D:13)
  2 redbacks (shapeshifter)
  35 tarantellas
  A wyvern (D:11)
  5 air elementals
  29 water elementals
  34 yaks
  8 fire elementals
  A yak (shapeshifter) (Vaults:1)
  7 basilisks
  A neqoxec (Depths:1)
  2 hungry ghosts (D:15)
  8 vampire mosquitoes
  9 wargs
  A warg (shapeshifter) (Vaults:1)
  A soldier ant (shapeshifter) (Vaults:4)
  Duvessa (D:7)
  13 water moccasins
  2 acid dragons
  A hell hound (Elf:1)
  A floating eye (shapeshifter) (Vaults:1)
  A floating eye (Depths:3)
  8 porcupines
  2 ice beasts
  42 orc warriors
  A black bear (D:11)
  4 necrophages
  4 sky beasts
  4 phantoms
  40 wolves
  19 centaurs
  40 ogres
  10 boggarts
  11 crocodiles
  An elf simulacrum (Depths:3)
  4 big kobolds (D:8)
  14 bullfrogs
  3 wyvern zombies
  3 earth elementals
  Dowan (D:7)
  8 scorpions
  An orc simulacrum (Vaults:1)
  A human simulacrum (Vaults:2)
  45 killer bees
  4 wights (D:12)
  4 electric eels
  4 howler monkeys
  12 crimson imps
  3 bullfrog zombies
  4 centaur zombies
  3 jellies (D:8)
  2 quasits (Depths:1)
  4 centaur skeletons
  A gnoll shaman (D:6)
  25 orc priests
  4 bullfrog skeletons
  5 hounds
  24 orc wizards
  2 iguanas
  10 worker ants
  2 hound zombies
  A hound skeleton (D:7)
  7 gnolls
  A howler monkey skeleton (D:7)
  21 adders
  2 shadow imps (Depths:1)
  A white imp (Depths:1)
  2 ufetubi (Depths:1)
  2 oozes (D:3)
  2 adder skeletons
  A worm (D:2)
  6 leopard geckos
  105 orcs
  A bat (D:2)
  A bat skeleton (D:3)
  2 bat zombies (D:3)
  3 giant cockroaches
  6 goblins
  5 hobgoblins
  9 jackals
  3 quokkas
  7 ball pythons
  7 frilled lizards
  A jackal skeleton (D:4)
  A jackal zombie (D:8)
  8 kobolds
  A leopard gecko zombie (D:8)
  A quokka zombie (D:9)
  6 rats
  5 plants
  4 tentacles
1811 creatures vanquished.

Vanquished Creatures (collateral kills)
  A tentacled monstrosity (Vaults:5)
  A quicksilver dragon (Vaults:5)
  Frances (Spider:1)
  Donald (Elf:3)
  2 fire giants
  A deep elf sorcerer (Elf:2)
  A frost giant (Depths:3)
  An emperor scorpion (Spider:4)
  3 vault wardens (Vaults:1)
  A spriggan defender (Depths:3)
  A stone giant (Vaults:5)
  A deep elf demonologist (Elf:3)
  A fire dragon (Depths:3)
  2 merfolk impalers (Shoals:4)
  A yaktaur captain (Vaults:2)
  An ogre mage (Vaults:4)
  4 vault guards
  3 spriggan air magi (Depths:3)
  2 merfolk aquamancers
  2 satyrs
  A two-headed ogre (D:15)
  A tengu warrior (Depths:1)
  A dancing weapon (Depths:2)
  A deep troll shaman (Depths:3)
  A deep elf knight (Elf:1)
  An iron troll (Depths:3)
  A deep troll (Orc:2)
  2 ironbrand convokers (Vaults:1)
  2 sea snakes
  2 ugly things
  2 fauns (Shoals:1)
  6 harpies
  A wolf spider (Spider:3)
  A deep elf mage (Elf:1)
  2 orb spiders (Spider:1)
  3 cyclopes
  An elephant (Shoals:1)
  A water nymph (Shoals:1)
  2 merfolk sirens
  A vault sentinel (Vaults:1)
  A tormentor (Depths:1)
  A yaktaur (Depths:3)
  4 merfolk
  A hornet (Spider:4)
  6 jumping spiders
  2 snapping turtles (Shoals:3)
  A dream sheep (shapeshifter) (Vaults:5)
  3 tarantellas (Spider:1)
  13 redbacks
  A wraith (Vaults:1)
  2 hell hounds (Elf:1)
  A floating eye (Depths:3)
  An orc warrior (Orc:2)
  An ogre (Orc:2)
  3 boggarts
  An orc priest (Orc:2)
  7 orcs
  A plant (Shoals:3)
114 creatures vanquished.

Vanquished Creatures (others)
  An orc warlord (Vaults:4)
  An ettin (Vaults:5)
  39 dancing weapons
  A deep elf knight (Elf:1)
  A deep elf mage (Elf:1)
  A wolf spider (Spider:1)
  A redback (Spider:2)
  2 water elementals (Elf:1)
  An air elemental (Elf:2)
  A warg (Vaults:3)
  A bullfrog (D:8)
  An adder skeleton (D:8)
  A worm (D:2)
  7 fungi
  32 plants
  24 tentacles
115 creatures vanquished.

Grand Total: 2040 creatures vanquished

Notes
Turn   | Place    | Note
-------+----------+-------------------------------------------
     0 | D:1      | Denreik the Gnoll Earth Elementalist began the quest for
                  | the Orb.
     0 | D:1      | Reached XP level 1. HP: 13/13 MP: 6/6
   323 | D:1      | Reached XP level 2. HP: 19/19 MP: 5/7
   691 | D:2      | Reached XP level 3. HP: 25/25 MP: 9/9
   696 | D:2      | Learned a level 3 spell: Stone Arrow
   699 | D:2      | Learned a level 2 spell: Passwall
   759 | D:2      | Reached skill level 5 in Spellcasting
   845 | D:2      | Reached skill level 1 in Invocations
   894 | D:2      | Found a radiant altar of Vehumet.
   899 | D:2      | Reached skill level 1 in Fighting
   899 | D:2      | Reached skill level 1 in Short Blades
   899 | D:2      | Reached skill level 1 in Long Blades
   899 | D:2      | Reached skill level 1 in Axes
   899 | D:2      | Reached skill level 1 in Maces & Flails
   899 | D:2      | Reached skill level 1 in Polearms
   899 | D:2      | Reached skill level 1 in Staves
   899 | D:2      | Reached skill level 1 in Slings
   899 | D:2      | Reached skill level 1 in Bows
   899 | D:2      | Reached skill level 1 in Crossbows
   899 | D:2      | Reached skill level 1 in Throwing
   899 | D:2      | Reached skill level 1 in Armour
   899 | D:2      | Reached skill level 1 in Shields
   899 | D:2      | Reached skill level 1 in Unarmed Combat
   899 | D:2      | Reached skill level 1 in Evocations
  1059 | D:2      | Reached XP level 4. HP: 32/32 MP: 11/11
  1337 | D:3      | Reached skill level 1 in Conjurations
  1337 | D:3      | Reached skill level 1 in Hexes
  1337 | D:3      | Reached skill level 1 in Charms
  1337 | D:3      | Reached skill level 1 in Summonings
  1337 | D:3      | Reached skill level 1 in Necromancy
  1337 | D:3      | Reached skill level 1 in Translocations
  1337 | D:3      | Reached skill level 1 in Fire Magic
  1337 | D:3      | Reached skill level 1 in Ice Magic
  1337 | D:3      | Reached skill level 1 in Air Magic
  1337 | D:3      | Reached skill level 1 in Poison Magic
  1476 | D:3      | Reached XP level 5. HP: 14/37 MP: 12/12
  2252 | D:3      | Noticed Sigmund
  2588 | D:4      | Reached XP level 6. HP: 44/44 MP: 13/13
  2797 | D:4      | Reached skill level 5 in Dodging
  2798 | D:4      | Reached skill level 2 in Polearms
  3396 | D:4      | Reached XP level 7. HP: 50/50 MP: 15/15
  3769 | D:5      | Entered Level 5 of the Dungeon
  4121 | D:5      | Found a staircase to the Ecumenical Temple.
  4128 | Temple   | Entered the Ecumenical Temple
  4294 | Temple   | Became a worshipper of Gozag Ym Sagoz the Greedy
  4403 | D:5      | Learned a level 4 spell: Petrify
  4409 | D:5      | Learned a level 5 spell: Lee's Rapid Deconstruction
  4812 | D:6      | Reached skill level 5 in Stealth
  4947 | D:6      | You fall through a shaft for 3 floors!
  5060 | D:9      | Learned a level 2 spell: Blink
  5082 | D:9      | Found a staircase to the Lair.
  5099 | D:9      | Found a staircase to the Orcish Mines.
  5148 | D:7      | Reached XP level 8. HP: 45/57 MP: 16/16
  5791 | D:7      | Found a hide-covered altar of Uskayaw.
  5819 | D:7      | Found a shattered altar of Ashenzari.
  6079 | D:7      | Reached skill level 3 in Polearms
  6085 | D:7      | Noticed Duvessa
  6086 | D:7      | Noticed Dowan
  6129 | D:7      | Killed Duvessa
  6162 | D:7      | Killed Dowan
  6416 | D:7      | Got a smoking plate armour
  6463 | D:6      | Identified the cursed +1 plate armour of the Frog {Int+4
                  | Dex+3} (You found it on level 7 of the Dungeon)
  6903 | D:7      | Found a snail-covered altar of Cheibriados.
  6962 | D:7      | Reached XP level 9. HP: 63/65 MP: 18/18
  7229 | D:7      | Reached skill level 4 in Polearms
  7295 | D:7      | Learned a level 3 spell: Mephitic Cloud
  7601 | D:8      | Noticed a centaur warrior
  7603 | D:8      | Noticed a manticore
  7975 | D:8      | Noticed a three-headed hydra
  8097 | D:8      | Killed a centaur warrior
  8097 | D:8      | Reached skill level 5 in Invocations
  8223 | D:8      | Got a transparent flail
  8318 | D:8      | Reached XP level 10. HP: 73/73 MP: 14/20
  8319 | D:8      | Noticed a two-headed ogre
  8448 | D:7      | Identified the +5 flail "Suodwigh" {flame, MR+} (You found
                  | it on level 8 of the Dungeon)
  8463 | D:7      | Learned a level 3 spell: Conjure Flame
  8692 | D:8      | Killed a manticore
  8692 | D:8      | Reached skill level 5 in Fighting
  8692 | D:8      | Reached skill level 5 in Short Blades
  8692 | D:8      | Reached skill level 5 in Long Blades
  8692 | D:8      | Reached skill level 5 in Axes
  8692 | D:8      | Reached skill level 5 in Maces & Flails
  8692 | D:8      | Reached skill level 5 in Polearms
  8692 | D:8      | Reached skill level 5 in Staves
  8692 | D:8      | Reached skill level 5 in Slings
  8692 | D:8      | Reached skill level 5 in Bows
  8692 | D:8      | Reached skill level 5 in Crossbows
  8692 | D:8      | Reached skill level 5 in Throwing
  8692 | D:8      | Reached skill level 5 in Armour
  8692 | D:8      | Reached skill level 5 in Shields
  8692 | D:8      | Reached skill level 5 in Unarmed Combat
  8692 | D:8      | Reached skill level 5 in Evocations
  9597 | D:8      | Killed a two-headed ogre
  9597 | D:8      | Reached skill level 5 in Transmutations
 10329 | D:8      | Killed a three-headed hydra
 10331 | D:8      | Reached XP level 11. HP: 81/81 MP: 12/22
 10547 | D:9      | Learned a level 2 spell: Call Imp
 10854 | D:9      | items dump 1
 10860 | D:9      | items dump 1
 10906 | D:9      | Noticed a two-headed ogre
 10930 | D:9      | Killed a two-headed ogre
 10930 | D:9      | Reached skill level 6 in Polearms
 11082 | D:9      | Reached skill level 5 in Conjurations
 11082 | D:9      | Reached skill level 5 in Hexes
 11082 | D:9      | Reached skill level 5 in Charms
 11082 | D:9      | Reached skill level 5 in Summonings
 11082 | D:9      | Reached skill level 5 in Necromancy
 11082 | D:9      | Reached skill level 5 in Translocations
 11082 | D:9      | Reached skill level 5 in Fire Magic
 11082 | D:9      | Reached skill level 5 in Ice Magic
 11082 | D:9      | Reached skill level 5 in Air Magic
 11082 | D:9      | Reached skill level 5 in Poison Magic
 11489 | D:10     | Entered Level 10 of the Dungeon
 11501 | D:10     | Noticed Harold
 11893 | D:10     | Killed Harold
 12266 | D:10     | Noticed Fannar
 12360 | D:10     | Killed Fannar
 13024 | D:11     | You fall through a shaft for 2 floors!
 13168 | D:12     | Noticed a two-headed ogre
 13323 | D:12     | Killed a two-headed ogre
 13323 | D:12     | Reached XP level 12. HP: 89/89 MP: 18/24
 13466 | D:12     | Got a diamond-encrusted chain mail
 13485 | D:12     | Identified the +3 chain mail of the Cockatrice {Str+3
                  | Dex+2} (You found it on level 12 of the Dungeon)
 13650 | D:12     | Noticed a tengu warrior
 14035 | D:11     | Identified a scroll of acquirement
 14240 | D:11     | Reached skill level 7 in Polearms
 14311 | D:11     | Noticed Erica
 14661 | D:11     | Killed Erica
 15033 | D:11     | Found Bysatuda's Antique Weapon Shop.
 15165 | D:12     | Noticed a tengu warrior
 15194 | D:12     | Killed a tengu warrior
 15207 | D:12     | Killed a tengu warrior
 15761 | D:12     | Got a fine scale mail
 15779 | D:12     | Identified the +6 scale mail of Aseanguu {rCorr Stlth+}
                  | (You found it on level 12 of the Dungeon)
 16127 | Lair:1   | Entered Level 1 of the Lair of Beasts
 17068 | D:9      | Reached XP level 13. HP: 97/98 MP: 11/26
 17379 | Lair:1   | Found an ornate altar of the Wu Jian Council.
 17643 | Lair:1   | Got a transparent morningstar
 18039 | Lair:1   | Found a runed translucent door.
 18039 | Lair:1   | Noticed Toogi's ghost (journeyman KoCj)
 18055 | Lair:1   | Got a faintly glowing spear
 18110 | D:9      | Identified the +7 spear of Vimaot {antimagic, Int+5} (You
                  | found it on level 1 of the Lair of Beasts)
 18111 | D:9      | Identified the +9 morningstar "Ucruex" {crush, rF+} (You
                  | found it on level 1 of the Lair of Beasts)
 18268 | Lair:1   | Killed Toogi's ghost
 18560 | Lair:2   | Found a hole to the Spider Nest.
 18562 | Lair:2   | Reached skill level 8 in Polearms
 18909 | Lair:2   | Learned a level 1 spell: Shock
 18916 | Lair:2   | Learned a level 4 spell: Airstrike
 19981 | Lair:2   | Found the +8 whip "Snakebite" {curare, rPois}
 20834 | Lair:3   | Found a staircase to the Shoals.
 21970 | Lair:4   | Noticed Snorg
 22725 | D:3      | Killed Sigmund
 23951 | D:13     | Found a transporter.
 24130 | D:13     | Noticed a brown very ugly thing
 24135 | D:13     | Reached skill level 10 in Spellcasting
 24350 | D:13     | Reached XP level 14. HP: 106/106 MP: 0/28
 24360 | D:13     | Found Jerank's Magic Scroll Emporium.
 24382 | D:13     | Bought a scroll of remove curse for 54 gold pieces
 24382 | D:13     | Bought a scroll of teleportation for 54 gold pieces
 24382 | D:13     | Bought a scroll of enchant armour for 135 gold pieces
 24382 | D:13     | Bought a scroll of teleportation for 54 gold pieces
 24382 | D:13     | Bought a scroll of identify for 36 gold pieces
 24382 | D:13     | Bought a scroll of remove curse for 54 gold pieces
 24502 | D:13     | Found a transporter.
 24667 | D:13     | Got a pitted great mace
 24687 | D:13     | Found a gate to the Vaults.
 24696 | D:13     | Identified the +7 great mace of the Unliving {elec, *Rage
                  | +Fly rElec Str+3} (You found it on level 13 of the Dungeon)
 24804 | D:13     | Found a stormy altar of Qazlal.
 25298 | D:13     | Killed a white very ugly thing
 25323 | D:13     | Reached skill level 10 in Dodging
 25801 | D:9      | Learned a level 4 spell: Throw Icicle
 26363 | Lair:4   | Killed Snorg
 27032 | Lair:5   | Reached skill level 9 in Polearms
 27880 | Lair:4   | Reached skill level 10 in Stealth
 28154 | Lair:5   | Found a staircase to the Slime Pits.
 28312 | Lair:6   | Entered Level 6 of the Lair of Beasts
 28337 | Lair:6   | Reached skill level 10 in Invocations
 30313 | Lair:6   | Reached XP level 15. HP: 93/114 MP: 25/29
 31148 | Orc:1    | Entered Level 1 of the Orcish Mines
 31148 | Orc:1    | Found a roughly hewn altar of Beogh.
 31791 | Orc:2    | Entered Level 2 of the Orcish Mines
 31791 | Orc:2    | Found a staircase to the Elven Halls.
 32066 | Orc:2    | Found Noanaps's General Store.
 32107 | Orc:2    | Bought 31 stones for 40 gold pieces
 32107 | Orc:2    | Bought a scroll of teleportation for 39 gold pieces
 33138 | D:9      | Bought a book of the Sky for 1170 gold pieces
 33138 | D:9      | Bought a manual of Polearms for 1987 gold pieces
 33143 | D:9      | Learned a level 4 spell: Summon Lightning Spire
 33357 | Orc:2    | Reached skill level 10 in Earth Magic
 33380 | Orc:2    | Reached skill level 10 in Polearms
 33955 | Orc:2    | Reached skill level 10 in Fighting
 33955 | Orc:2    | Reached skill level 10 in Short Blades
 33955 | Orc:2    | Reached skill level 10 in Long Blades
 33955 | Orc:2    | Reached skill level 10 in Axes
 33955 | Orc:2    | Reached skill level 10 in Maces & Flails
 33955 | Orc:2    | Reached skill level 10 in Staves
 33955 | Orc:2    | Reached skill level 10 in Slings
 33955 | Orc:2    | Reached skill level 10 in Bows
 33955 | Orc:2    | Reached skill level 10 in Crossbows
 33955 | Orc:2    | Reached skill level 10 in Throwing
 33955 | Orc:2    | Reached skill level 10 in Armour
 33955 | Orc:2    | Reached skill level 10 in Shields
 33955 | Orc:2    | Reached skill level 10 in Unarmed Combat
 33955 | Orc:2    | Reached skill level 10 in Evocations
 34276 | Orc:2    | Found Maufalur's Distillery.
 34292 | Orc:2    | Found Nuoleman's Armour Boutique.
 34305 | Orc:2    | Found Tiusurof's Armour Shoppe.
 34306 | Orc:2    | Found Noonasm's General Store.
 34580 | Orc:2    | Bought a scroll of enchant armour for 105 gold pieces
 34580 | Orc:2    | Bought a scroll of identify for 28 gold pieces
 34580 | Orc:2    | Bought a scroll of amnesia for 49 gold pieces
 34607 | Orc:2    | Bought a ration for 65 gold pieces
 34750 | Orc:2    | Bought 2 potions of heal wounds for 130 gold pieces
 34750 | Orc:2    | Bought a potion of heal wounds for 65 gold pieces
 34750 | Orc:2    | Bought a potion of heal wounds for 65 gold pieces
 34750 | Orc:2    | Bought a potion of mutation for 104 gold pieces
 35526 | D:14     | Noticed Kirke
 35775 | D:14     | Found a roughly hewn altar of Beogh.
 36026 | D:14     | Killed Kirke
 36287 | D:14     | Found a portal to a secret trove of treasure.
 36331 | D:14     | Found a roughly hewn altar of Beogh.
 37149 | D:15     | Entered Level 15 of the Dungeon
 37194 | D:15     | Reached XP level 16. HP: 89/122 MP: 27/31
 37313 | D:15     | Found a staircase to the Depths.
 37330 | D:15     | Noticed Louise
 37408 | D:15     | Killed Louise
 37520 | D:15     | Reached skill level 11 in Polearms
 37759 | D:15     | Found a blossoming altar of Fedhas.
 38148 | D:9      | Learned a level 3 spell: Tukima's Dance
 38304 | Spider:1 | Entered Level 1 of the Spider Nest
 38304 | Spider:1 | Noticed Frances
 38555 | Spider:1 | Killed Frances
 39399 | Spider:2 | Noticed Nikola
 39446 | Spider:2 | HP: 5/124 [Nikola/bolt of lightning (38)]
 40162 | Spider:2 | Killed Nikola
 40588 | Spider:2 | Got a fine broad axe
 40653 | Spider:1 | Identified the +8 broad axe of the Eleven Beds {chop,
                  | Str+7} (You found it on level 2 of the Spider Nest)
 41922 | Spider:3 | Reached skill level 12 in Polearms
 42476 | Spider:3 | Reached XP level 17. HP: 120/131 MP: 12/33
 43436 | Spider:4 | Entered Level 4 of the Spider Nest
 45100 | Spider:4 | Paralysed by a hornet for 2 turns
 46105 | Spider:4 | Got a gossamer rune of Zot
 46488 | Spider:4 | Reached skill level 10 in Transmutations
 47163 | D:9      | Bought a glowing helmet for 210 gold pieces
 47173 | D:9      | Bought a shiny shield for 210 gold pieces
 47191 | D:9      | Bought a bloodstained leather armour for 196 gold pieces
 47202 | D:9      | Identified the +2 leather armour of the Burgomaster {rC-
                  | MP+9 Int+3 Stlth+} (You bought it in a shop on level 9 of
                  | the Dungeon)
 47223 | D:9      | Bought a shimmering robe for 182 gold pieces
 47233 | D:9      | Identified the +1 robe "Kuyreul" {Regen+ Str+2 Int-3} (You
                  | bought it in a shop on level 9 of the Dungeon)
 47383 | Shoals:1 | Entered Level 1 of the Shoals
 47843 | Shoals:1 | Found a hide-covered altar of Uskayaw.
 47857 | Shoals:1 | Got a warped fustibalus
 47989 | D:9      | Identified the +9 fustibalus of Tenacity {venom, rElec}
                  | (You found it on level 1 of the Shoals)
 48004 | D:9      | Gained mutation: Your spells are a little harder to cast,
                  | but a little more powerful. [potion of mutation]
 48004 | D:9      | Lost mutation: Your spells are a little harder to cast, but
                  | a little more powerful. [potion of mutation]
 48004 | D:9      | Gained mutation: You are partially covered in iridescent
                  | scales. (AC +2) [potion of mutation]
 48004 | D:9      | Gained mutation: You have supernaturally acute eyesight.
                  | (SInv) [potion of mutation]
 48297 | Shoals:1 | Reached skill level 13 in Polearms
 49340 | Shoals:1 | Reached skill level 10 in Conjurations
 49340 | Shoals:1 | Reached skill level 10 in Hexes
 49340 | Shoals:1 | Reached skill level 10 in Charms
 49340 | Shoals:1 | Reached skill level 10 in Summonings
 49340 | Shoals:1 | Reached skill level 10 in Necromancy
 49340 | Shoals:1 | Reached skill level 10 in Translocations
 49340 | Shoals:1 | Reached skill level 10 in Fire Magic
 49340 | Shoals:1 | Reached skill level 10 in Ice Magic
 49340 | Shoals:1 | Reached skill level 10 in Air Magic
 49340 | Shoals:1 | Reached skill level 10 in Poison Magic
 49443 | Shoals:1 | Learned a level 3 spell: Ozocubu's Armour
 49583 | Shoals:2 | Reached XP level 18. HP: 138/139 MP: 34/34
 51425 | Shoals:3 | Found Saigungasm's Magic Scroll Shoppe.
 51918 | Shoals:3 | Bought a scroll of identify for 28 gold pieces
 51918 | Shoals:3 | Bought a scroll of silence for 105 gold pieces
 51918 | Shoals:3 | Bought a scroll of teleportation for 42 gold pieces
 51918 | Shoals:3 | Bought a scroll of identify for 28 gold pieces
 51918 | Shoals:3 | Bought a scroll of identify for 28 gold pieces
 53151 | Shoals:3 | Noticed Polyphemus
 53936 | Shoals:2 | Killed Polyphemus
 54237 | Shoals:4 | Entered Level 4 of the Shoals
 54801 | Shoals:3 | Reached skill level 14 in Polearms
 55241 | Shoals:4 | Identified the +3 spear of Resourcefulness {pierce, *Contam
                  | rElec SInv Stlth+}
 56732 | Shoals:4 | Reached XP level 19. HP: 145/147 MP: 15/36
 57574 | Shoals:4 | Got a barnacled rune of Zot
 58073 | Shoals:3 | Bought 3 scrolls of silence for 315 gold pieces
 58073 | Shoals:3 | Bought a scroll of teleportation for 42 gold pieces
 58411 | D:9      | Bought the amulet "Zeiroy" {Spirit MR++ Str-4 Int+3} for
                  | 822 gold pieces
 58663 | Elf:1    | Entered Level 1 of the Elven Halls
 59096 | Elf:1    | Noticed Azrael
 59464 | Elf:1    | Killed Azrael
 62001 | Elf:1    | Identified the +0 robe of Cuubetirph {rCorr Dex-3 Slay+3}
 63110 | Elf:2    | Reached skill level 15 in Polearms
 63758 | Elf:2    | Found a runed translucent gate.
 63782 | Elf:2    | Found a runed translucent gate.
 63783 | Elf:2    | Found a runed translucent gate.
 64285 | Elf:2    | Identified the +1 scale mail of Patience {+Blink rC+ SInv}
 64626 | Elf:2    | Identified Roxanne's Grimoire of Clay
 64626 | Elf:2    | Noticed Roxanne
 64631 | Elf:2    | Killed Roxanne
 64664 | Elf:2    | Reached XP level 20. HP: 155/155 MP: 12/37
 67287 | Elf:2    | Learned a level 1 spell: Apportation
 67289 | Elf:2    | Learned a level 1 spell: Summon Butterflies
 67292 | Elf:2    | Learned a level 2 spell: Swiftness
 67311 | Elf:3    | Entered Level 3 of the Elven Halls
 67311 | Elf:3    | Found a radiant altar of Vehumet.
 67315 | Elf:3    | Noticed Donald
 67323 | Elf:3    | Killed Donald
 67663 | Elf:3    | Found Qoreeh's Food Emporium.
 67737 | Elf:3    | Found an ancient bone altar of Kikubaaqudgha.
 67850 | Elf:3    | Learned a level 3 spell: Regeneration
 67870 | Elf:3    | Learned a level 2 spell: Shroud of Golubria
 69420 | Elf:3    | Identified the +4 morningstar of Yredelemnul's Wrath
                  | {venom, *Corrode rF+ rC+}
 69424 | Elf:3    | Noticed a Tzitzimitl
 70220 | Elf:3    | Identified the ring of Koly {rPois rN+ MR+ SInv Stlth+}
 70534 | Elf:3    | Reached skill level 16 in Polearms
 70954 | Elf:3    | Got a warped fustibalus
 71808 | Elf:3    | Bought a ration for 60 gold pieces
 71808 | Elf:3    | Bought a ration for 60 gold pieces
 71808 | Elf:3    | Bought a ration for 60 gold pieces
 71808 | Elf:3    | Bought a ration for 60 gold pieces
 71808 | Elf:3    | Bought a ration for 60 gold pieces
 71808 | Elf:3    | Bought a ration for 60 gold pieces
 71808 | Elf:3    | Bought a ration for 60 gold pieces
 71808 | Elf:3    | Bought a ration for 60 gold pieces
 71808 | Elf:3    | Bought a ration for 60 gold pieces
 71808 | Elf:3    | Bought a ration for 60 gold pieces
 72057 | D:9      | Identified the +4 fustibalus of Qoria {venom, rN+} (You
                  | found it on level 3 of the Elven Halls)
 72191 | D:9      | Found a staircase to the Lair.
 72411 | Vaults:1 | Entered Level 1 of the Vaults
 74043 | Vaults:1 | Reached XP level 21. HP: 163/163 MP: 39/39
 76899 | Vaults:2 | Found Miggaus's Food Shoppe.
 76899 | Vaults:2 | Found Cidek's Food Shoppe.
 77887 | Vaults:2 | Found Cayhyum's Distillery.
 78035 | Vaults:2 | Noticed Mara
 78827 | Vaults:2 | Noticed Denreik's illusion
 79048 | Vaults:1 | Upgraded the game from 0.23.0 to 0.23.0-2-g0fe3ce5905
 79057 | Vaults:1 | Learned a level 6 spell: Iron Shot
 79069 | Vaults:2 | Noticed Denreik's illusion
 79235 | Vaults:1 | Killed Mara
 80064 | Vaults:2 | Noticed Asterion
 80085 | Vaults:2 | Killed Asterion
 80670 | Vaults:2 | Reached skill level 15 in Invocations
 81192 | Vaults:2 | Found a staircase to the Crypt.
 81582 | Vaults:2 | Noticed Boris
 81663 | Vaults:2 | Killed Boris
 83707 | Vaults:3 | Reached skill level 17 in Polearms
 84152 | Vaults:3 | Reached XP level 22. HP: 160/172 MP: 40/40
 84490 | Vaults:3 | Got a scorched scale mail
 84501 | Vaults:3 | Identified the cursed +0 scale mail of Paruili {rElec rN+
                  | Dex-5 Slay+3} (You found it on level 3 of the Vaults)
 86352 | Vaults:4 | Reached skill level 15 in Spellcasting
 87438 | Vaults:4 | Reached skill level 15 in Dodging
 88854 | Vaults:4 | Reached skill level 15 in Stealth
 89223 | Vaults:4 | Found a runed translucent gate.
 89223 | Vaults:4 | Found a runed translucent gate.
 89223 | Vaults:4 | Noticed Sianeop's ghost (adept GrFi)
 89224 | Vaults:4 | Found a runed translucent gate.
 89226 | Vaults:4 | Identified the +2 lajatang of Past Mistakes {slice, rPois
                  | rF+ rC+++ Stlth-}
 89226 | Vaults:4 | Identified the +0 chain mail of Experimentation {Str+6}
 89985 | Vaults:4 | Found a roughly hewn altar of Beogh.
 91170 | Vaults:3 | Killed Sianeop's ghost
 93072 | Vaults:2 | Bought a ration for 60 gold pieces
 93072 | Vaults:2 | Bought a ration for 60 gold pieces
 93072 | Vaults:2 | Bought a ration for 60 gold pieces
 93072 | Vaults:2 | Bought a ration for 60 gold pieces
 93072 | Vaults:2 | Bought a ration for 60 gold pieces
 93072 | Vaults:2 | Bought a ration for 60 gold pieces
 93072 | Vaults:2 | Bought a ration for 60 gold pieces
 93072 | Vaults:2 | Bought a ration for 60 gold pieces
 93072 | Vaults:2 | Bought a ration for 60 gold pieces
 93072 | Vaults:2 | Bought a ration for 60 gold pieces
 93416 | Depths:1 | Entered Level 1 of the Depths
 93892 | Depths:1 | Found a gateway to Hell.
 93965 | D:15     | Upgraded the game from 0.23.0-2-g0fe3ce5905 to
                  | 0.23.0-3-gf3c87f2df8
 95509 | Depths:1 | Found a one-way gate leading to the halls of Pandemonium.
 96260 | Depths:1 | Reached XP level 23. HP: 179/179 MP: 35/42
 96599 | Depths:1 | Reached skill level 18 in Polearms
 97213 | Depths:2 | Found a one-way gate to the infinite horrors of the Abyss.
 98613 | Depths:2 | You fall through a shaft!
 99565 | Depths:2 | Noticed a golden dragon
100228 | Depths:2 | Killed a golden dragon
100952 | Depths:3 | Reached skill level 15 in Fighting
100952 | Depths:3 | Reached skill level 15 in Short Blades
100952 | Depths:3 | Reached skill level 15 in Long Blades
100952 | Depths:3 | Reached skill level 15 in Axes
100952 | Depths:3 | Reached skill level 15 in Maces & Flails
100952 | Depths:3 | Reached skill level 15 in Staves
100952 | Depths:3 | Reached skill level 15 in Slings
100952 | Depths:3 | Reached skill level 15 in Bows
100952 | Depths:3 | Reached skill level 15 in Crossbows
100952 | Depths:3 | Reached skill level 15 in Throwing
100952 | Depths:3 | Reached skill level 15 in Armour
100952 | Depths:3 | Reached skill level 15 in Shields
100952 | Depths:3 | Reached skill level 15 in Unarmed Combat
100952 | Depths:3 | Reached skill level 15 in Evocations
103009 | Depths:3 | Found a basalt altar of Yredelemnul.
103012 | Depths:3 | Found a gateway to a ziggurat.
103295 | Depths:3 | Found a runed translucent gate.
103295 | Depths:3 | Found a runed translucent gate.
103295 | Depths:3 | Found a runed translucent gate.
104015 | Depths:3 | Identified the +3 faerie dragon scales {rCorr MP+2 Dex+3}
104015 | Depths:3 | Noticed the Enchantress
104403 | Depths:3 | Noticed Gech's ghost (adept DDFi)
105012 | Depths:3 | Killed the Enchantress
105433 | D:9      | Bought the ring of Mugaikowk {*Contam +Inv rC+ MP+9} for
                  | 941 gold pieces
105443 | D:9      | Bought a dented blue amulet for 180 gold pieces
105443 | D:9      | Bought a bloodstained leather armour for 252 gold pieces
105453 | D:9      | Identified the +1 leather armour of Eternal Vigilance {rF+
                  | Str+6} (You bought it in a shop on level 9 of the Dungeon)
106196 | Depths:3 | Reached XP level 24. HP: 168/189 MP: 42/42
106719 | Depths:3 | Killed Gech's ghost
106928 | Depths:3 | Got the ring "Ficw" {Fire}
106932 | Depths:3 | Got a slimy plate armour
106939 | Depths:3 | Found the -2 hat of the Alchemist {rElec rPois rF+ rC+ rN+
                  | MR+ rMut rCorr}
107203 | D:9      | Identified the cursed +0 plate armour of the Doldrums
                  | {Str+4 Stlth+} (You found it on level 3 of the Depths)
107238 | D:9      | Identified the ring "Ficw" {Fire Str+3} (You found it on
                  | level 3 of the Depths)
107262 | D:9      | Learned a level 6 spell: Deflect Missiles
107562 | Vaults:5 | Entered Level 5 of the Vaults
107858 | Vaults:5 | Reached skill level 19 in Polearms
108027 | Vaults:5 | Identified the +4 spear "Oreuduc" {holy, rPois}
108058 | Vaults:5 | Identified the cursed +2 dagger "Newtslayer" {flame, Int+3}
108086 | Vaults:5 | HP: 7/189 [battlesphere[a tengu reaver] (12)]
108101 | Vaults:5 | HP: 9/189 [battlesphere[a tengu reaver] (8)]
108101 | Vaults:5 | Killed from afar by a fire giant

Skill      XL: |  1  2  3  4  5  6  7  8  9 10 11 12 13 14 15 16 17 18 19 20 21 22 23 24 |
---------------+-------------------------------------------------------------------------+-----
Transmutations | 2 3 4 5 6 7 8 9 10 11 12 13 | 13.5
Spellcasting   | 5 6 7 8 9 10 11 12 13 14 15 16 | 16.1
Invocations    | 1 2 3 4 5 6 7 8 9 10 11 12 13 14 15 16 | 16.7
Fighting       | 1 2 3 4 5 6 7 8 9 10 11 12 13 14 15 | 15.5
Short Blades   | 1 2 3 4 5 6 7 8 9 10 11 12 13 14 15 | 15.5
Long Blades    | 1 2 3 4 5 6 7 8 9 10 11 12 13 14 15 | 15.5
Axes           | 1 2 3 4 5 6 7 8 9 10 11 12 13 14 15 | 15.5
Maces & Flails | 1 2 3 4 5 6 7 8 9 10 11 12 13 14 15 | 15.5
Polearms       | 1 2 3 4 5 6 7 8 9 10 12 13 14 15 16 17 18 19 | 19.1
Staves         | 1 2 3 4 5 6 7 8 9 10 11 12 13 14 15 | 15.5
Slings         | 1 2 3 4 5 6 7 8 9 10 11 12 13 14 15 | 15.5
Bows           | 1 2 3 4 5 6 7 8 9 10 11 12 13 14 15 | 15.5
Crossbows      | 1 2 3 4 5 6 7 8 9 10 11 12 13 14 15 | 15.5
Throwing       | 1 2 3 4 5 6 7 8 9 10 11 12 13 14 15 | 15.5
Armour         | 1 2 3 4 5 6 7 8 9 10 11 12 13 14 15 | 15.5
Shields        | 1 2 3 4 5 6 7 8 9 10 11 12 13 14 15 | 15.5
Unarmed Combat | 1 2 3 4 5 6 7 8 9 10 11 12 13 14 15 | 15.5
Evocations     | 1 2 3 4 5 6 7 8 9 10 11 12 13 14 15 | 15.5
Conjurations   | 1 2 3 4 5 6 7 8 9 10 11 12 13 | 13.3
Hexes          | 1 2 3 4 5 6 7 8 9 10 11 12 13 | 13.3
Charms         | 1 2 3 4 5 6 7 8 9 10 11 12 13 | 13.3
Summonings     | 1 2 3 4 5 6 7 8 9 10 11 12 13 | 13.3
Necromancy     | 1 2 3 4 5 6 7 8 9 10 11 12 13 | 13.3
Translocations | 1 2 3 4 5 6 7 8 9 10 11 12 13 | 13.3
Fire Magic     | 1 2 3 4 5 6 7 8 9 10 11 12 13 | 13.3
Ice Magic      | 1 2 3 4 5 6 7 8 9 10 11 12 13 | 13.3
Air Magic      | 1 2 3 4 5 6 7 8 9 10 11 12 13 | 13.3
Poison Magic   | 1 2 3 4 5 6 7 8 9 10 11 12 13 | 13.3
Dodging        | 5 6 7 8 9 10 11 12 13 14 15 16 | 16.0
Stealth        | 5 6 7 8 9 10 11 12 13 14 15 | 15.9
Earth Magic    | 6 7 8 9 10 11 12 13 14 | 14.2

Action                   |  1- 3 |  4- 6 |  7- 9 | 10-12 | 13-15 | 16-18 | 19-21 | 22-24 || total
-------------------------+-------+-------+-------+-------+-------+-------+-------+-------++-------
Melee: Dagger            |    40 |    63 |   218 |     8 |       |       |       |       ||   329
       Bite              |     3 |     6 |    23 |    26 |   111 |    85 |    34 |   108 ||   396
       Flail             |       |       |       |   206 |    20 |       |       |       ||   226
       Staff             |       |       |       |     3 |   205 |     8 |     1 |    11 ||   228
       Whip              |       |       |       |       |   226 |   239 |    53 |   178 ||   696
       Morningstar       |       |       |       |       |   207 |   356 |   187 |   196 ||   946
       Broad axe         |       |       |       |       |       |    68 |       |    82 ||   150
       Unarmed           |       |       |       |       |       |       |     3 |       ||     3
       Demon trident     |       |       |       |       |       |       |     6 |   315 ||   321
 Fire: Fustibalus        |       |       |       |       |       |   236 |   113 |   314 ||   663
Throw: Stone             |       |       |       |       |       |    15 |       |       ||    15
 Cast: Sandblast         |     5 |    36 |    68 |   104 |   157 |   250 |   162 |       ||   782
       Stone Arrow       |     6 |    18 |    38 |   268 |   351 |   217 |   122 |       ||  1020
       Passwall          |       |     1 |     8 |     7 |     8 |     5 |     2 |     5 ||    36
       Blink             |       |       |     4 |    22 |    56 |    56 |    39 |    46 ||   223
       Mephitic Cloud    |       |       |     6 |    35 |    49 |    59 |    45 |    28 ||   222
       Petrify           |       |       |     3 |    38 |    36 |    70 |    43 |    48 ||   238
       Conjure Flame     |       |       |       |    14 |    32 |    46 |    30 |    33 ||   155
       Lee's Rapid Decon |       |       |       |     4 |     2 |     2 |     8 |    20 ||    36
       Call Imp          |       |       |       |    16 |    12 |       |       |       ||    28
       Shock             |       |       |       |       |   117 |       |       |       ||   117
       Airstrike         |       |       |       |       |   210 |   113 |   228 |    36 ||   587
       Throw Icicle      |       |       |       |       |    19 |   158 |   582 |   263 ||  1022
       Summon Lightning  |       |       |       |       |    11 |    46 |    20 |    25 ||   102
       Tukima's Dance    |       |       |       |       |       |    10 |    50 |    29 ||    89
       Ozocubu's Armour  |       |       |       |       |       |    35 |   106 |    74 ||   215
       Shroud of Golubri |       |       |       |       |       |       |   100 |   126 ||   226
       Apportation       |       |       |       |       |       |       |     6 |     4 ||    10
       Summon Butterflie |       |       |       |       |       |       |     4 |       ||     4
       Regeneration      |       |       |       |       |       |       |     3 |       ||     3
       Swiftness         |       |       |       |       |       |       |     3 |       ||     3
       Iron Shot         |       |       |       |       |       |       |    39 |   206 ||   245
       Deflect Missiles  |       |       |       |       |       |       |       |     1 ||     1
Invok: Call Merchant     |       |       |       |       |     1 |     4 |     1 |     2 ||     8
       Potion Petition   |       |       |       |       |       |       |     1 |     5 ||     6
 Abil: Evoke Flight      |       |       |       |       |       |     8 |       |       ||     8
       Evoke Invisibilit |       |       |       |       |       |       |       |     1 ||     1
Evoke: Lightning rod     |       |       |       |       |       |       |       |     5 ||     5
       Staff of energy   |       |       |       |       |       |       |       |     4 ||     4
       Phial of floods   |       |       |       |       |       |       |       |     3 ||     3
       Wand              |       |       |       |       |       |       |       |     8 ||     8
       Fan of gales      |       |       |       |       |       |       |       |     1 ||     1
       Box of beasts     |       |       |       |       |       |       |       |     1 ||     1
       Sack of spiders   |       |       |       |       |       |       |       |     3 ||     3
  Use: Scroll            |     2 |       |     6 |    11 |    22 |     5 |     7 |    20 ||    73
       Potion            |       |     1 |     2 |       |     1 |    17 |     2 |    11 ||    34
 Stab: Sleeping          |     2 |     6 |     4 |       |     5 |     2 |       |     1 ||    20
       Distracted        |       |       |     2 |     3 |     8 |     9 |     2 |    12 ||    36
       Confused          |       |       |     2 |     8 |    12 |    14 |     3 |     7 ||    46
       Petrified         |       |       |       |    30 |    48 |    66 |    25 |    14 ||   183
       Petrifying        |       |       |       |     1 |     1 |     7 |       |     8 ||    17
       Held in net/web   |       |       |       |       |       |       |       |     1 ||     1
  Eat: Chunk             |     1 |     9 |     2 |       |       |     1 |       |       ||    13
       Ration            |       |       |     5 |     9 |    21 |    18 |    25 |    22 ||   100
Armor: Robe              |     3 |       |     4 |    55 |       |       |       |       ||    62
       Leather armour    |     1 |    23 |    29 |       |       |   163 |   175 |   174 ||   565
       Skin              |       |       |    35 |       |       |       |       |       ||    35
       Scale mail        |       |       |       |    65 |   218 |   396 |       |       ||   679
Dodge: Dodged            |    22 |    31 |   129 |   224 |   241 |   847 |   303 |   396 ||  2193
       Deflected         |       |       |       |       |       |       |       |     3 ||     3
Block: Shield            |       |    41 |   126 |   251 |   326 |   848 |   441 |   559 ||  2592
